 Dungeon Crawl Stone Soup version 0.25.0-26-g0c896c7088 (webtiles) character file.

Game seed: 14052584710151088002

263267 ruda the Slayer (level 19, -19/192 HPs)
             Began as a Minotaur Berserker on July 2, 2020.
             Was the Champion of Trog.
             Demolished by a lorocyproca (27 damage)
             ... on level 4 of the Abyss.
             The game lasted 02:35:56 (39897 turns).

ruda the Slayer (Minotaur Berserker)               Turns: 39897, Time: 02:35:57

Health: -19/192    AC: 23    Str: 41      XL:     19   Next: 62%
Magic:  1/8        EV: 12    Int:  1 (5)  God:    Trog [******]
Gold:   1414       SH: 21    Dex: 17      Spells: 18/18 levels left

rFire    + . .     SeeInvis +   J - +9 war axe "Egg" {antimagic, rN+ SInv}
rCold    . . .     Gourm    .   l - +5 kite shield {rN+}
rNeg     + + +     Faith    .   e - +4 ring mail of Boiling Hail {rF+ Str+7 Int+4}
rPois    +         Spirit   .   s - +2 hat of Siduci {+Fly rElec}
rElec    +         Reflect  .   M - +2 cloak {Stlth+}
rCorr    .         Harm     .   Y - +2 pair of gloves of Qaiw {Regen+ Dex+4 Slay-3 Stlth+}
MR       +....     Rnd*Tele +   E - +0 pair of boots
Stlth    ++........             F - amulet of regeneration
HPRegen  1.22/turn              m - +6 ring of intelligence
MPRegen  0.11/turn              n - ring of Gaofoete {rPois rN+ Str+7 Int-5 Dex+4}

@: slowed, lost intelligence, very slow
A: retaliatory headbutt, horns 2, dopey 1[+1], [screaming 1], [teleportitis 2],
[weak 2]
}: 1/15 runes: serpentine
a: Berserk, Trog's Hand, Brothers in Arms, Renounce Religion, Evoke Flight


You were on level 4 of the Abyss.
You worshipped Trog.
Trog was exalted by your worship.
You were hungry.

You visited 6 branches of the dungeon, and saw 29 of its levels.
You visited the Abyss 2 times.

You collected 3018 gold pieces.
You spent 1604 gold pieces at shops.

Inventory:

Hand Weapons
 a - a +8 broad axe of flaming
 b - a +6 vorpal broad axe
 J - the +9 war axe "Egg" (weapon) {antimagic, rN+ SInv}
   (Trog gifted it to you on level 4 of the Snake Pit)

   It reduces the magical energy of the wielder, and disrupts the spells and
   magical abilities of those hit.
   Natural abilities and divine invocations are not affected.
   It protects you from negative energy.
   It lets you see invisible.
Missiles
 j - 3 throwing nets {!f}
 o - 88 poisoned darts
 y - 11 curare-tipped darts {!f}
 B - 19 boomerangs (quivered)
 K - 15 atropa-tipped darts
 P - 5 javelins
Armour
 e - the +4 ring mail of Boiling Hail (worn) {rF+ Str+7 Int+4}
   (You found it on level 3 of the Lair of Beasts)

   It affects your strength (+7).
   It affects your intelligence (+4).
   It protects you from fire.
 l - a +5 kite shield of positive energy (worn)
 s - the +2 hat of Siduci (worn) {+Fly rElec}
   (You acquired it on level 9 of the Dungeon)

   It insulates you from electricity.
   It lets you fly.
 E - a +0 pair of boots (worn)
 M - a +2 cloak of stealth (worn)
 O - +0 steam dragon scales
 Q - +0 fire dragon scales
 Y - the +2 pair of gloves of Qaiw (worn) {Regen+ Dex+4 Slay-3 Stlth+}
   (You found it on level 2 of the Lair of Beasts)

   It affects your dexterity (+4).
   It affects your accuracy and damage with ranged weapons and melee attacks
   (-3).
   It increases your rate of regeneration.
   It makes you more stealthy.
Jewellery
 m - a +6 ring of intelligence (left hand)
 n - the ring of Gaofoete (right hand) {rPois rN+ Str+7 Int-5 Dex+4}
   (You found it on level 2 of the Abyss)

   [ring of poison resistance]

   It affects your strength (+7).
   It affects your intelligence (-5).
   It affects your dexterity (+4).
   It protects you from poison.
   It protects you from negative energy.
 F - an amulet of regeneration (around neck)
 W - an uncursed ring of ice
Wands
 d - a wand of digging (15)
 p - a wand of disintegration (27)
 I - a wand of paralysis (23)
 L - a wand of iceblast (17)
 S - a wand of acid (15)
Scrolls
 k - 3 scrolls of fear
 z - 2 scrolls of teleportation
 A - 3 scrolls of identify {@r1}
 C - 14 scrolls of remove curse {@r2}
 G - a scroll of blinking
 H - 7 scrolls of fog
Potions
 f - 3 potions of lignification
 i - 6 potions of cancellation
 q - 3 potions of flight
 t - 2 potions of ambrosia
 u - 6 potions of stabbing
 v - 10 potions of might
 w - 4 potions of magic
 x - 2 potions of haste
 D - 4 potions of invisibility
 R - 2 potions of berserk rage
 T - 3 potions of mutation
 X - a potion of curing {@q1}
 Z - a potion of resistance
Miscellaneous
 g - a lightning rod (4/4)
 h - a box of beasts
 r - a tin of tremorstones (3/3)
 V - a phial of floods
Comestibles
 c - 53 rations


   Skills:
 + Level 22.2 Fighting
 * Level 21.1 Axes
 + Level 13.3 Throwing
 + Level 15.6 Armour
 - Level 2.1 Dodging
 - Level 15.0 Shields
 + Level 11.4 Evocations


You had 18 spell levels left.
You didn't know any spells.
Your spell library contained the following spells:

 Spells                   Type           Power        Failure   Level  Hunger
 Apportation              Tloc           #.....       63%         1    ##.....
 Corona                   Hex            #......      63%         1    ##.....
 Foxfire                  Conj/Fire      #...         63%         1    ##.....
 Freeze                   Ice            #...         63%         1    ##.....
 Sandblast                Erth           #.....       63%         1    ##.....
 Summon Butterflies       Summ           #.......     63%         1    ##.....
 Summon Small Mammal      Summ           #...         63%         1    ##.....
 Call Imp                 Summ           #.......     77%         2    ###....
 Passwall                 Tmut/Erth      #.......     77%         2    ###....
 Slow                     Hex            #.......     77%         2    ###....
 Call Canine Familiar     Summ           #.......     94%         3    ####...
 Conjure Flame            Conj/Fire      #.......     94%         3    ####...
 Frozen Ramparts          Ice            #.....       94%         3    ####...
 Inner Flame              Hex/Fire       #.......     94%         3    ####...
 Lesser Beckoning         Tloc           #.........   94%         3    ####...
 Ozocubu's Armour         Chrm/Ice       #.......     94%         3    ####...
 Portal Projectile        Hex/Tloc       #.....       94%         3    ####...
 Recall                   Summ/Tloc      N/A          94%         3    ####...
 Stone Arrow              Conj/Erth      #.....       94%         3    ####...
 Summon Guardian Golem    Hex/Summ       #.......     94%         3    ####...
 Tukima's Dance           Hex            #.......     94%         3    ####...
 Animate Dead             Necr           N/A          100%        4    #####..
 Cause Fear               Hex            #.........   100%        4    #####..
 Hailstorm                Conj/Ice       #.......     100%        4    #####..
 Leda's Liquefaction      Hex/Erth       #.........   100%        4    #####..
 Petrify                  Tmut/Erth      #.......     100%        4    #####..
 Sticky Flame             Conj/Fire      #.......     100%        4    #####..
 Summon Ice Beast         Ice/Summ       #.......     100%        4    #####..
 Summon Lightning Spire   Summ/Air       #.......     100%        4    #####..
 Alistair's Intoxication  Tmut/Pois      #.......     100%        5    ######.
 Borgnjor's Vile Clutch   Necr/Erth      #.........   100%        5    ######.
 Fireball                 Conj/Fire      #.........   100%        5    ######.
 Lee's Rapid Deconstruct  Erth           #.........   100%        5    ######.
 Death Channel            Necr           #.........   100%        6    #######
 Invisibility             Hex            #.......     100%        6    #######
 Simulacrum               Ice/Necr       #.........   100%        6    #######


Dungeon Overview and Level Annotations

Branches:
Dungeon (15/15)            Temple (0/1) D:7            Lair (6/6) D:10
 Shoals (1/4) Lair:3        Snake (4/4) Lair:2        Slime (0/5) Lair:6
    Orc (2/2) D:9             Elf (0/3) Orc:2        Vaults (1/5) D:13
 Depths (0/5) D:15

Altars:
Dithmenos
Elyvilon
Makhleb
Nemelex Xobeh
Trog
Vehumet
Wu Jian
Xom
The Shining One
Beogh
Jiyva

Shops:
D:5 !   D:13 %   D:14 :   Orc:1 }   Orc:2 ?*:[

Annotations:
D:13 3 runed translucent doors, Liimbo's ghost, journeyman FoWn


Innate Abilities, Weirdness & Mutations

You reflexively headbutt those who attack you in melee.
You have a pair of horns on your head.
[You are very dopey. (Int -4)]
[You occasionally shout uncontrollably at your foes.]
[You are sometimes teleported next to monsters.]
[You are very weak. (Str -4)]


Message History

The lorocyproca hits you!
* * * LOW HITPOINT WARNING * * *
You can move again.
Okay, then.
You feel better. You block the lorocyproca's attack.
A cacophony of accursed wailing tears at your sanity!
* * * LOW HITPOINT WARNING * * *
The starcursed mass barely misses you. You furiously retaliate!
You headbutt the starcursed mass!
The starcursed mass shudders and is absorbed by its neighbour.
The crimson imp blinks!
A small abomination comes into view.
You block the lorocyproca's attack.
Okay, then.
You feel better.
An apocalypse crab comes into view.
The starcursed mass engulfs you.
* * * LOW HITPOINT WARNING * * *
The lorocyproca hits you!!
You die...

... .##. .t..
... .... X.# ..#
#.# #..##Z######
# #.#..5XX5...
..
#...XXxx.......
. ##X# ..... ..
. #@#X ####.. .
. . ##2#'# # #
.# #. Xdx5...#
.$ . #3xX.x. #
.. .> # #
#.5..... .# .. #
##+#'## # # .#.
..#. . .. .....
# # . # . ..
###+#.x. ..#
.#........#.....
.....


You could see 7 starcursed masses, a lorocyproca (invisible), a draconian, an
ancient zyme, an apocalypse crab, a neqoxec, 3 small abominations, an iron
dragon simulacrum and 3 ufetubi.

Vanquished Creatures
  Vashnia (Snake:2)
  Saint Roka (Orc:1)
  5 tentacled starspawn
  6 nagarajas
  A daeva (Abyss:1)
  Aizul (Snake:2)
  2 vault wardens (Vaults:1)
  An ironheart preserver (Vaults:1)
  2 very ugly things (Vaults:1)
  A draconian annihilator (Abyss:3)
  A lorocyproca (Abyss:4)
  5 dire elephants (Lair:6)
  A deep elf annihilator (Vaults:1)
  A red draconian (Vaults:1)
  3 fire dragons
  The ghost of xxx the Spear-Bearer, a journeyman GrBe of Trog (Snake:1)
  Snorg (Lair:4)
  3 yaktaur captains (Vaults:1)
  Erolcha (Orc:2)
  Fannar (D:11)
  10 vault guards
  22 naga warriors
  An ice dragon (D:15)
  A catoblepas (Lair:6)
  7 hydras
  6 centaur warriors
  15 anacondas
  7 ogre magi
  A deep troll shaman (Vaults:1)
  A death knight (D:14)
  2 tengu warriors
  10 shock serpents
  37 two-headed ogres
  19 naga sharpshooters
  12 thrashing horrors
  Sonja (Orc:2)
  4 deep elf knights (Vaults:1)
  12 salamander mystics
  Nergalle (Orc:1)
  2 sixfirhies
  2 sea snakes (Snake:1)
  7 unseen horrors
  3 spatial maelstroms
  A skeletal warrior (D:14)
  A glowing orange brain (Vaults:1)
  9 naga ritualists
  5 deep elf archers
  An ironbrand convoker (Vaults:1)
  2 deep trolls (Vaults:1)
  A phantasmal warrior (Vaults:1)
  4 lindwurms
  A harpy (shapeshifter) (Vaults:1)
  4 orc knights
  A wizard (Vaults:1)
  15 mana vipers
  2 oklob plants (Lair:4)
  A necromancer (D:15)
  An orb spider (shapeshifter) (Vaults:1)
  4 deep elf magi
  A salamander (shapeshifter) (D:15)
  20 ugly things
  An orc sorcerer (Orc:1)
  11 elephants (Lair:6)
  3 manticores
  2 draconians (Abyss:4)
  11 cyclopes
  21 salamanders
  5 large abominations
  4 guardian serpents
  2 worldbinders
  An apocalypse crab (Abyss:3)
  17 naga magi
  3 smoke demons
  4 vault sentinels (Vaults:1)
  45 black mambas
  Maggie (D:9)
  An orange demon (Abyss:2)
  4 gargoyles
  10 spiny frogs
  2 rime drakes (Lair:3)
  7 komodo dragons
  9 yaktaurs (Vaults:1)
  A komodo dragon (shapeshifter) (Vaults:1)
  A tengu conjurer (D:12)
  An efreet (D:15)
  2 freezing wraiths
  3 ancient zymes
  3 polar bears
  A queen bee (shapeshifter) (D:13)
  A queen bee (D:9)
  3 meliai (D:14)
  4 hornets
  9 trolls
  3 slime creatures (Vaults:1)
  37 blink frogs
  15 hippogriffs
  5 raiju
  A stone giant simulacrum (Abyss:1)
  37 yaks
  A spriggan (shapeshifter) (Vaults:1)
  2 starcursed masses (Abyss:4)
  A ynoxinul (Abyss:1)
  3 spriggans (Lair:2)
  2 vampires
  3 shadows
  A basilisk (shapeshifter) (Vaults:1)
  4 wraiths
  A yak (shapeshifter) (Vaults:1)
  A fire bat (Abyss:2)
  3 wyverns
  2 steam dragons
  2 hungry ghosts
  A neqoxec (Abyss:4)
  12 vampire mosquitoes
  Grum (D:9)
  A basilisk (D:15)
  3 chaos spawn
  6 spatial vortices (Abyss:3)
  A warg (shapeshifter) (D:13)
  A soldier ant (shapeshifter) (Vaults:1)
  5 wargs
  60 nagas
  An acid dragon (D:12)
  A floating eye (Vaults:1)
  10 water moccasins
  5 porcupines
  5 sky beasts
  18 orc warriors
  A hornet zombie (D:13)
  11 ice beasts
  41 ogres
  An ettin simulacrum (Vaults:1)
  4 phantoms
  7 black bears
  2 eyes of draining (D:11)
  26 wolves
  13 crocodiles
  25 centaurs
  A big kobold (D:13)
  18 bullfrogs
  3 gnoll sergeants
  7 small abominations
  8 scorpions
  34 killer bees
  An electric eel (Snake:1)
  A howler monkey (D:11)
  4 centaur zombies
  12 crimson imps
  4 jellies
  9 hounds
  3 bullfrog skeletons
  An iron imp (Abyss:4)
  13 orc priests
  Crazy Yiuf (D:5)
  8 centaur skeletons
  23 orc wizards
  4 iguanas
  12 worker ants
  4 hound skeletons
  2 worker ant zombies (D:6)
  14 gnolls
  15 adders
  4 shadow imps
  An ufetubus (Abyss:2)
  5 oozes
  An adder zombie (D:7)
  5 adder skeletons
  3 worms
  A dart slug (D:4)
  6 leopard geckos
  113 orcs
  6 ball pythons
  11 bats
  8 giant cockroaches
  9 goblins
  18 hobgoblins
  13 jackals
  10 quokkas
  5 frilled lizards
  A jackal zombie (D:9)
  15 kobolds
  8 rats
  4 fungi
  A lurking horror (Abyss:1)
  6 plants
1331 creatures vanquished.

Vanquished Creatures (collateral kills)
  A two-headed ogre (D:15)
  A centaur warrior (D:14)
  7 anacondas (Snake:4)
  2 naga sharpshooters (Snake:4)
  A lindwurm (Snake:4)
  3 naga magi (Snake:4)
  A guardian serpent (Snake:4)
  A yaktaur (D:15)
  A troll (D:9)
  An ogre (D:9)
  4 centaurs
  3 big kobolds (D:9)
  A gnoll sergeant (D:9)
  A gnoll (D:9)
  4 orcs (D:9)
32 creatures vanquished.

Vanquished Creatures (others)
  An ogre mage (Vaults:1)
  An unseen horror (shapeshifter) (Vaults:1)
  A naga mage (Snake:4)
  A naga (Snake:1)
  12 fungi
  8 plants
  31 starspawn tentacles
55 creatures vanquished.

Grand Total: 1418 creatures vanquished

Notes
Turn   | Place    | Note
-------+----------+-------------------------------------------
     0 | D:1      | ruda the Minotaur Berserker began the quest for the Orb.
     0 | D:1      | Reached XP level 1. HP: 19/19 MP: 0/0
   190 | D:1      | Reached XP level 2. HP: 27/27 MP: 1/1
   729 | D:1      | Reached skill level 4 in Fighting
   729 | D:1      | Reached skill level 1 in Throwing
   729 | D:1      | Reached XP level 3. HP: 33/33 MP: 2/2
   734 | D:1      | Reached ** piety under Trog
   960 | D:2      | Found a glowing golden altar of the Shining One.
  1003 | D:2      | Found a shadowy altar of Dithmenos.
  1382 | D:2      | Found a bloodstained altar of Trog.
  1434 | D:2      | Reached XP level 4. HP: 33/40 MP: 3/3
  1604 | D:2      | Reached skill level 1 in Shields
  1999 | D:3      | Found a sparkling altar of Nemelex Xobeh.
  2476 | D:3      | Reached *** piety under Trog
  2556 | D:3      | Reached skill level 5 in Axes
  2556 | D:3      | Reached XP level 5. HP: 45/47 MP: 4/4
  3249 | D:4      | Reached XP level 6. HP: 49/53 MP: 5/5
  3804 | D:4      | Reached **** piety under Trog
  3904 | D:4      | Reached skill level 5 in Fighting
  4203 | D:4      | Reached XP level 7. HP: 49/61 MP: 6/6
  4853 | D:5      | Entered Level 5 of the Dungeon
  5180 | D:5      | Reached skill level 5 in Armour
  5229 | D:5      | Found Fyis's Distillery.
  5330 | D:5      | Reached XP level 8. HP: 61/70 MP: 7/7
  5409 | D:5      | Found a runed translucent door.
  5410 | D:5      | Noticed Crazy Yiuf
  5507 | D:5      | Reached ***** piety under Trog
  5507 | D:5      | Reached skill level 6 in Fighting
  5886 | D:5      | Killed Crazy Yiuf
  5950 | D:5      | Bought a potion of might for 44 gold pieces
  5950 | D:5      | Bought 2 potions of cancellation for 176 gold pieces
  5958 | D:6      | Found Birufan's Antique Armour Boutique.
  6714 | D:5      | Reached skill level 5 in Shields
  7679 | D:7      | Noticed a hippogriff
  7689 | D:6      | Killed a hippogriff
  7689 | D:6      | Reached XP level 9. HP: 64/78 MP: 8/8
  7701 | D:7      | Reached skill level 7 in Fighting
  7849 | D:7      | Found a shimmering altar of Xom.
  7913 | D:7      | Found a staircase to the Ecumenical Temple.
  7945 | D:7      | Found an ornate altar of the Wu Jian Council.
  8099 | D:7      | Reached skill level 5 in Throwing
  9010 | D:8      | Reached skill level 10 in Axes
  9184 | D:8      | Reached skill level 8 in Fighting
  9184 | D:8      | Reached skill level 1 in Evocations
  9269 | D:8      | Found a burning altar of Makhleb.
  9270 | D:8      | Found a radiant altar of Vehumet.
  9463 | D:9      | Noticed Grum
  9496 | D:9      | Killed Grum
  9502 | D:9      | Reached XP level 10. HP: 62/89 MP: 8/10
  9633 | D:9      | Noticed Maggie
  9645 | D:9      | Killed Maggie
  9851 | D:9      | Received a gift from Trog
 10016 | D:9      | Reached skill level 9 in Fighting
 10406 | D:9      | Found a staircase to the Orcish Mines.
 10762 | D:9      | Identified a scroll of acquirement
 10785 | D:10     | Entered Level 10 of the Dungeon
 10785 | D:10     | Noticed a cyclops
 10819 | D:10     | Killed a cyclops
 10897 | D:10     | Reached skill level 10 in Fighting
 10897 | D:10     | Reached XP level 11. HP: 88/99 MP: 12/12
 10913 | D:10     | Found a staircase to the Lair.
 11434 | D:10     | You fall into a shaft and drop 2 floors!
 11634 | D:12     | Noticed a deep elf mage
 11635 | D:12     | Noticed a deep elf mage
 11647 | D:12     | Killed a deep elf mage
 11647 | D:12     | Received a gift from Trog
 12057 | D:12     | Reached ****** piety under Trog
 12076 | D:12     | Reached skill level 11 in Fighting
 12371 | D:9      | Killed an unseen horror
 12835 | D:10     | Got the +2 hat of Siduci {+Fly rElec}
 12873 | D:11     | Found a flagged portal.
 12969 | D:11     | Reached XP level 12. HP: 64/110 MP: 1/14
 13073 | D:11     | Noticed a two-headed ogre
 13080 | D:11     | Killed a two-headed ogre
 13355 | D:11     | Noticed Fannar
 13711 | D:11     | Killed Fannar
 13844 | D:11     | Reached skill level 12 in Fighting
 14088 | D:11     | Reached skill level 5 in Evocations
 14199 | D:12     | Noticed a tengu warrior
 14210 | D:12     | Killed a tengu warrior
 14298 | D:12     | Noticed a two-headed ogre
 14308 | D:12     | Killed a two-headed ogre
 14446 | D:12     | Noticed a two-headed ogre
 14467 | D:12     | Killed a two-headed ogre
 14753 | D:12     | Reached skill level 10 in Armour
 14896 | D:12     | Noticed a two-headed ogre
 14901 | D:12     | Killed a two-headed ogre
 15194 | D:13     | Found Joxetit's Food Boutique.
 15197 | D:13     | Noticed a centaur warrior
 15201 | D:13     | Killed a centaur warrior
 15299 | D:13     | Noticed a vault guard
 15299 | D:13     | Noticed a vault guard
 15300 | D:13     | Noticed a vault guard
 15300 | D:13     | Found a gate to the Vaults.
 15300 | D:13     | Noticed a vault guard
 15325 | D:13     | Killed a vault guard
 15325 | D:13     | Received a gift from Trog
 15331 | D:13     | Killed a vault guard
 15331 | D:13     | Reached XP level 13. HP: 101/119 MP: 16/16
 15352 | D:13     | Got a crude broad axe {god gift}
 15380 | D:12     | Identified the +5 broad axe "Rymuneinn" {flame, *Drain rC+
                  | Dex+4} (Trog gifted it to you on level 13 of the Dungeon)
 15434 | D:13     | Reached skill level 13 in Fighting
 15525 | D:13     | Reached skill level 10 in Shields
 15877 | D:13     | Found a runed translucent gate.
 15878 | D:13     | Found a runed translucent gate.
 15879 | D:13     | Found a runed translucent gate.
 15881 | D:13     | Noticed Liimbo's ghost (journeyman FoWn)
 16147 | Lair:1   | Entered Level 1 of the Lair of Beasts
 17183 | Lair:2   | Got a pair of jewelled gloves
 17194 | Lair:2   | Identified the +2 pair of gloves of Qaiw {Regen+ Dex+4
                  | Slay-3 Stlth+} (You found it on level 2 of the Lair of
                  | Beasts)
 17322 | Lair:2   | Found a staircase to the Snake Pit.
 17759 | Lair:3   | Reached skill level 15 in Axes
 17908 | Lair:3   | Found a staircase to the Shoals.
 17951 | Lair:3   | Reached skill level 14 in Fighting
 18095 | Lair:3   | Received a gift from Trog
 18769 | Lair:3   | Got a garnet-encrusted ring mail
 18780 | Lair:3   | Identified the +4 ring mail of Boiling Hail {rF+ Str+7
                  | Int+4} (You found it on level 3 of the Lair of Beasts)
 18929 | Lair:4   | Reached XP level 14. HP: 106/132 MP: 18/18
 19262 | Lair:4   | Noticed Snorg
 19292 | Lair:4   | Killed Snorg
 20316 | Lair:5   | Received a gift from Trog
 20534 | Lair:6   | Entered Level 6 of the Lair of Beasts
 20921 | Lair:6   | Found a staircase to the Slime Pits.
 20922 | Lair:6   | Found a viscous altar of Jiyva.
 20940 | Lair:6   | Reached skill level 15 in Fighting
 22071 | Lair:6   | Reached skill level 10 in Throwing
 22665 | D:14     | Reached XP level 15. HP: 141/141 MP: 19/19
 23289 | D:14     | Found Ypohu's Book Shop.
 23597 | D:15     | Entered Level 15 of the Dungeon
 23812 | D:15     | Found a white marble altar of Elyvilon.
 23990 | D:15     | Found a staircase to the Depths.
 24139 | D:15     | Reached skill level 16 in Fighting
 24228 | D:15     | Received a gift from Trog
 24442 | D:15     | Found a shimmering altar of Xom.
 25041 | Orc:1    | Entered Level 1 of the Orcish Mines
 25103 | Orc:1    | Noticed Sonja
 25238 | Orc:1    | Found Nanev's Gadget Boutique.
 25462 | Orc:1    | Noticed Nergalle
 25473 | Orc:1    | Killed Nergalle
 25473 | Orc:1    | Received a gift from Trog
 25570 | Orc:2    | Entered Level 2 of the Orcish Mines
 25591 | Orc:2    | Noticed Erolcha
 25595 | Orc:2    | Killed Erolcha
 25605 | Orc:2    | Noticed Saint Roka
 25648 | Orc:1    | Killed Saint Roka
 25857 | Orc:2    | Cast into level 1 of the Abyss (Sonja)
 25931 | Abyss:1  | Noticed a tentacled starspawn
 25940 | Abyss:1  | Noticed a daeva
 25956 | Abyss:1  | Killed a daeva
 25958 | Abyss:1  | Found a corrupted altar of Lugonu.
 26192 | Abyss:2  | Noticed a bone dragon
 26212 | Abyss:2  | Got a vibrating pewter ring
 26331 | Abyss:2  | Noticed a bone dragon
 26345 | Abyss:2  | Noticed a bone dragon
 26393 | Abyss:2  | Noticed a tentacled starspawn
 26396 | Abyss:2  | Paralysed by accursed screaming for 2 turns
 26429 | Abyss:2  | Noticed a tentacled starspawn
 26473 | Abyss:2  | Noticed a tentacled starspawn
 26490 | Abyss:2  | Killed a tentacled starspawn
 26490 | Abyss:2  | Reached XP level 16. HP: 31/152 MP: 21/21
 26495 | Abyss:2  | Killed a tentacled starspawn
 26530 | Abyss:2  | HP: 3/152 [hellwing (6)]
 26538 | Abyss:2  | Noticed a tentacled starspawn
 26615 | Abyss:2  | HP: 6/152 [thrashing horror (8)]
 26895 | Orc:2    | Escaped the Abyss
 26910 | Orc:2    | Killed Sonja
 26935 | Orc:2    | Found a staircase to the Elven Halls.
 27036 | Orc:2    | Received a gift from Trog
 27196 | Orc:1    | Reached skill level 17 in Fighting
 27325 | Orc:2    | Found a roughly hewn altar of Beogh.
 27602 | Orc:2    | Found Afris's Magic Scroll Boutique.
 27602 | Orc:2    | Found Ysor's Book Emporium.
 27602 | Orc:2    | Found Wunyen's Assorted Antiques.
 27602 | Orc:2    | Found Jyhit's Antique Armour Shop.
 27627 | Orc:2    | Bought a scroll of identify for 26 gold pieces
 27627 | Orc:2    | Bought a scroll of identify for 26 gold pieces
 27627 | Orc:2    | Bought a scroll of brand weapon for 260 gold pieces
 27627 | Orc:2    | Identified the ring of Gaofoete {rPois rN+ Str+7 Int-5
                  | Dex+4} (You found it on level 2 of the Abyss)
 28005 | Orc:2    | Bought a scroll of teleportation for 39 gold pieces
 28005 | Orc:2    | Bought a scroll of blinking for 97 gold pieces
 28005 | Orc:2    | Bought a scroll of acquirement for 676 gold pieces
 28254 | Snake:1  | Entered Level 1 of the Snake Pit
 28560 | Snake:1  | Found a runed translucent door.
 28560 | Snake:1  | Noticed xxx's ghost (journeyman GrBe)
 28561 | Snake:1  | Found the +12 glaive of Prune {vorpal}
 28786 | Snake:1  | Received a gift from Trog
 29260 | Snake:1  | Reached skill level 18 in Fighting
 30079 | Snake:1  | Killed xxx's ghost
 30079 | Snake:1  | Reached XP level 17. HP: 165/165 MP: 23/23
 30382 | Snake:2  | Received a gift from Trog
 31033 | Snake:2  | Noticed Aizul
 31048 | Snake:2  | Killed Aizul
 31225 | Snake:2  | Reached skill level 19 in Fighting
 31387 | Snake:2  | Noticed Vashnia
 31413 | Snake:2  | Killed Vashnia
 31853 | Snake:3  | Received a gift from Trog
 32074 | Snake:3  | Reached skill level 10 in Evocations
 32279 | Snake:3  | Found a white marble altar of Elyvilon.
 32610 | Snake:4  | Entered Level 4 of the Snake Pit
 33168 | Snake:4  | Reached skill level 20 in Fighting
 33419 | Snake:4  | Reached XP level 18. HP: 170/178 MP: 24/24
 33464 | Snake:4  | Received a gift from Trog
 34908 | Snake:4  | Received a gift from Trog
 34916 | Snake:4  | Reached skill level 21 in Fighting
 35078 | Snake:4  | Got a serpentine rune of Zot
 35256 | Snake:4  | Identified the +9 war axe "Egg" {antimagic, rN+ SInv} (Trog
                  | gifted it to you on level 4 of the Snake Pit)
 35456 | Orc:2    | Bought a scroll of brand weapon for 260 gold pieces
 36619 | Shoals:1 | Entered Level 1 of the Shoals
 36777 | Vaults:1 | Entered Level 1 of the Vaults
 37018 | Vaults:1 | Received a gift from Trog
 37289 | Vaults:1 | Reached skill level 15 in Armour
 38072 | Vaults:1 | Reached XP level 19. HP: 190/190 MP: 8/26
 38584 | Vaults:1 | Received a gift from Trog
 38584 | Vaults:1 | Paralysed by a floating eye for 3 turns
 38626 | Vaults:1 | Reached skill level 15 in Shields
 39379 | Vaults:1 | Cast into level 3 of the Abyss (a deep elf demonologist)
 39539 | Abyss:3  | Reached skill level 22 in Fighting
 39551 | Abyss:3  | Found a corrupted altar of Lugonu.
 39672 | Abyss:3  | Found a corrupted altar of Lugonu.
 39825 | Abyss:4  | Received a gift from Trog
 39872 | Abyss:4  | Lost intelligence.
 39885 | Abyss:4  | Paralysed by accursed screaming for 1 turns
 39889 | Abyss:4  | Gained mutation: [You are very dopey. (Int -4)] [a neqoxec]
 39894 | Abyss:4  | Paralysed by accursed screaming for 2 turns
 39895 | Abyss:4  | HP: 2/192 [lorocyproca (13)]
 39897 | Abyss:4  | Demolished by a lorocyproca

Illustrated notes

Levels and vault maps discovered:
D:1:      lemuel_arrival_behind_the_door_large, layout_loops_cross,
          minmay_curled_crystal
D:2:      layout_basic, minitemple, nicolae_dithmenos_shadow_blocks,
          first_ration, minmay_octomino_j4
D:3:      layout_basic, kennysheep_decorative_pillar, lemuel_tele_altar
D:4:      corexii_shantytown, layout_basic, lightli_minifort
D:5:      layout_basic, serial_shops, shop, portal_sewer_entry_f, fountainhead,
          lightli_corner_chamber, uniq_crazy_yiuf_cottage
D:6:      minmay_recursive_quarters, layout_loops_ring, serial_shops,
          nicolae_shop_waterfront, hangedman_decor_growths
D:7:      layout_cave_pods, chequers_temple_overflow_statue_of_worship,
          minmay_temple_entry_sparse_star
D:8:      layout_loops_cross, grunt_temple_overflow_lords_of_destruction
D:9:      layout_roguey [special_room_bee],
          kennysheep_orc_monster_closet_entryway, uniq_grum, uniq_maggie
D:10:     layout_roguey, minmay_lair_entry_grove
D:11:     layout_roguey, enter_bailey_6, uniq_fannar
D:12:     layout_long_grid, grunt_ogre_cave
D:13:     layout_roguey, lightli_vaults_fourway_checkpoint, serial_shops, shop,
          gammafunk_ghost_necromancy, gauntlet_entry_generic
D:14:     layout_loops_corners, hangedman_decor_opposing, serial_shops, shop
D:15:     grunt_enter_depths_hoard, layout_basic, elyvilon_altar_1,
          st_stairs_10, minmay_misc_feat_x, nicolae_two_hexagons,
          minmay_ruined_shrine
Lair:1:   layout_chaotic_city, infiniplex_staircase_pool, grunt_megastairs_1
Lair:2:   layout_regular_city, wad_woods_02
Lair:3:   layout_layer_cave, minmay_shoals_entry_centaurs, grunt_megastairs_4
Lair:4:   layout_cave_pods, minmay_lair_oklob_chamber, uniq_snorg
Lair:5:   layout_big_grid
Lair:6:   due_jungle_book, layout_gridlike, slime_altar_1
Shoals:1: layout_shoals, minmay_shop_enchanted_jewellery, ldierk_geyser,
          yaktaur_hedge
Snake:1:  kennysheep_snake, layout_rooms, gammafunk_ghost_grave,
          lemuel_fruit_tree, serial_bayou_shore_a
Snake:2:  layout_chambers, uniq_aizul, uniq_vashnia
Snake:3:  layout_misc_corridors, basic_altar
Snake:4:  snake_pit_salamanders_mu, layout_gridlike
Orc:1:    layout_caves, serial_shops, shop, uniq_nergalle, uniq_sonja
Orc:2:    st_orc_ogre_mass, layout_diamond_mine,
          portal_ice_cave_entry_ice_beasts, basic_altar, uniq_saint_roka,
          uniq_erolcha
Vaults:1: ontoclasm_vaults_eye, vaults_room_pool, hangedman_vaults_locks,
          st_greater_box_4, vaults_dpeg_encased_lava, v_misc_33, v_rooms_6,
          ontoclasm_vaults_decontamination, hangedman_vaults_cutoff,
          vaults_room_pool, nicolae_vaults_three_branches,
          nicolae_vaults_asterisk, layout_vaults_omnicross
Abyss:4:  base: D:2, gammafunk_abyss_rune_reverse_zot

Skill      XL: |  1  2  3  4  5  6  7  8  9 10 11 12 13 14 15 16 17 18 19 |
---------------+----------------------------------------------------------+-----
Axes           | 4 5 6 7 9 10 11 12 14 15 16 17 18 19 20 21 | 21.1
Fighting       | 4 5 6 8 10 11 12 14 15 16 18 20 21 22 | 22.2
Throwing       | 1 2 3 4 5 6 7 8 9 10 11 12 13 | 13.3
Armour         | 3 4 5 6 7 8 9 10 11 12 13 14 15 | 15.6
Shields        | 1 2 3 4 5 6 7 8 9 10 11 12 13 14 15 | 15.0
Evocations     | 1 3 4 5 6 7 8 9 10 11 | 11.4
Dodging        | |  2.1

Action                   |  1- 3 |  4- 6 |  7- 9 | 10-12 | 13-15 | 16-18 | 19-21 || total
-------------------------+-------+-------+-------+-------+-------+-------+-------++-------
Melee: Hand axe          |    74 |   248 |    22 |       |       |       |       ||   344
       Headbutt          |     7 |    37 |    63 |   142 |   293 |   325 |   100 ||   967
       War axe           |       |       |    43 |       |       |    26 |   290 ||   359
       Broad axe         |       |       |   269 |   706 |  1003 |  1016 |       ||  2994
Throw: Boomerang         |       |       |     2 |     7 |    26 |    70 |       ||   105
       Javelin           |       |       |       |     5 |       |       |       ||     5
       Dart              |       |       |       |     2 |       |       |       ||     2
Invok: Berserk           |       |       |     3 |     8 |     4 |     5 |       ||    20
       Trog's Hand       |       |       |     1 |       |     2 |       |       ||     3
       Brothers in Arms  |       |       |       |     1 |     3 |     4 |       ||     8
Evoke: Wand              |       |       |       |       |       |     1 |       ||     1
  Use: Scroll            |     1 |     5 |    10 |     7 |    24 |    18 |     6 ||    71
       Potion            |       |       |       |     4 |     4 |     4 |     3 ||    15
 Stab: Sleeping          |     1 |       |       |       |     3 |     3 |     1 ||     8
       Distracted        |       |       |       |       |     1 |     2 |     2 ||     5
       Paralysed         |       |       |       |       |       |       |     1 ||     1
  Eat: Chunk             |     1 |    10 |    15 |    25 |    37 |    17 |     1 ||   106
       Ration            |       |       |     1 |     1 |     2 |     9 |       ||    13
Armor: Animal skin       |    17 |     5 |       |       |       |       |       ||    22
       Ring mail         |       |    56 |     6 |       |   230 |   376 |    64 ||   732
       Chain mail        |       |       |   169 |    98 |       |       |       ||   267
       Plate armour      |       |       |       |   390 |   105 |       |       ||   495
       Fire dragon scale |       |       |       |       |    69 |       |       ||    69
Dodge: Dodged            |    44 |    75 |    91 |   214 |   292 |   331 |    69 ||  1116
Block: Kite shield       |    18 |    88 |   204 |   541 |   726 |   901 |   266 ||  2744
